 Dungeon Crawl Stone Soup version 0.18.1-48-g4cf74bf (webtiles) character file.

302 mirugai the Shooter (level 6, -5/52 HPs)
             Began as a Centaur Hunter on Sept 8, 2016.
             Slain by a killer bee (7 damage)
             ... on level 6 of the Dungeon on Sept 9, 2016.
             The game lasted 00:18:32 (6084 turns).

mirugai the Shooter (Centaur Hunter)                Turns: 6084, Time: 00:18:34

Health: -5/52      AC:  9    Str: 15    XL:     6   Next: 14%
Magic:  6/6        EV:  2    Int: 15    God:
Gold:   155        SH:  0    Dex: 11    Spells: 0 memorised, 5 levels left

rFire  . . .     SeeInvis +     D - +0 trident (curse)
rCold  . . .     Gourm    .     E - +0 plate armour
rNeg   . . .     Faith    .     (no shield)
rPois  .         Spirit   .     e - +0 helmet
rElec  .         Dismiss  .     (no cloak)
rCorr  .         Reflect  .     (no gloves)
SustAt .         Harm     .     (no barding)
MR     .....                    (no amulet)
Stlth  ..........               w - ring of loudness (curse)
                                m - ring of see invisible

@: brilliant, lethally poisoned (-5 -> -21), very quick, not resistant to
hostile enchantments, extremely unstealthy
A: hooves 3, deformed body, speed 2, tough skin 3
a: no special abilities


You were on level 6 of the Dungeon.
You were very hungry.

You visited 1 branch of the dungeon, and saw 6 of its levels.

You collected 218 gold pieces.
You spent 63 gold pieces at shops.

Inventory:

Hand Weapons
 a - a +1 shortbow
 b - a +0 short sword
 o - a +3 whip
 C - a +0 rapier
 D - a cursed +0 trident (weapon)
 G - a +0 short sword of flaming
Missiles
 d - 38 arrows
 p - a throwing net
 u - 23 bolts
 x - 47 stones (quivered)
Armour
 e - a +0 helmet (worn)
 s - a +0 scale mail
 E - a +0 plate armour (worn)
Jewellery
 m - a ring of see invisible (left hand)
 w - a cursed ring of loudness (right hand)
 F - an uncursed ring of flight {unknown}
Scrolls
 c - a scroll of teleportation
 h - 2 scrolls of recharging
 i - a scroll of remove curse {unknown}
 l - 3 scrolls of immolation
 n - 3 scrolls of random uselessness
 v - a scroll of fear
 y - 3 scrolls of magic mapping
 A - 3 scrolls of noise
Potions
 k - a potion of haste {unknown}
 r - a potion of ambrosia {unknown}
 B - 2 potions of cure mutation {unknown}
Comestibles
 f - 3 bread rations
 z - 4 fruits


   Skills:
 * Level 4.1 Fighting
 * Level 7.3 Bows
 + Level 0.9 Armour
 + Level 2.5 Dodging
 - Level 0.5 Stealth


You had 5 spell levels left.
You didn't know any spells.

Dungeon Overview and Level Annotations

Branches:
Dungeon (6/15)
 Temple: D:4-7

Altars:
Dithmenos
Pakellas
Vehumet
Zin
The Shining One

Shops:
D:4 =

Annotations:
D:4 Nukog's ghost, novice OgWn


Innate Abilities, Weirdness & Mutations

You have hooves in place of feet.
Armour fits poorly on your strangely shaped body.
You cover ground very quickly.
You have extremely tough skin (AC +3).


Message History

You feel sick.
There is a stone staircase leading down here.
* * * LOW HITPOINT WARNING * * *
You feel sick. The killer bee stings you.
* * * LOW HITPOINT WARNING * * *
The killer bee stings you.
* * * LOW HITPOINT WARNING * * *
You climb downwards.
* * * LOW HITPOINT WARNING * * *
You feel sick.
Found a runed dagger.
Found a stone staircase leading up.
There is a stone staircase leading up here.
Drink which item? (? for menu, Esc to quit)
It was a potion of brilliance.
You feel clever all of a sudden.
* * * LOW HITPOINT WARNING * * *
You feel sick.
The killer bee stings you but does no damage.
The killer bee stings you!
You die...

## . .###
...#
#######..#
.....)#..
####....###
#..<...@..#
.......y.##
#.#........
#........#
#........#
..........#
#...........
#.##.........


You could see a killer bee.

Vanquished Creatures
  3 orc wizards
  An iguana (D:5)
  Terence (D:2)
  A worker ant (D:4)
  Robin (D:2)
  5 adders
  A shadow imp (D:5)
  2 worms (D:2)
  7 orcs
  4 giant cockroaches
  10 goblins
  8 hobgoblins
  4 jackals
  A quokka (D:4)
  2 ball pythons
  6 bats
  7 giant newts
  3 kobolds
  6 rats
73 creatures vanquished.

Notes
Turn   | Place    | Note
--------------------------------------------------------------
     0 | D:1      | mirugai the Centaur Hunter began the quest for the Orb.
     0 | D:1      | Reached XP level 1. HP: 17/17 MP: 1/1
   442 | D:1      | Reached XP level 2. HP: 13/24 MP: 2/2
   516 | D:1      | Reached skill level 6 in Bows
  1191 | D:2      | Reached XP level 3. HP: 14/30 MP: 3/3
  1795 | D:2      | Noticed Terence
  1854 | D:2      | Killed Terence
  1970 | D:2      | Reached XP level 4. HP: 36/37 MP: 4/4
  2400 | D:2      | Noticed Robin
  2426 | D:2      | Killed Robin
  3068 | D:3      | Found a radiant altar of Vehumet.
  3153 | D:3      | Reached skill level 7 in Bows
  3153 | D:3      | Reached XP level 5. HP: 16/45 MP: 5/5
  3914 | D:3      | Found an oddly glowing altar of Pakellas.
  4091 | D:3      | Found a glowing silver altar of Zin.
  4091 | D:3      | Found a shadowy altar of Dithmenos.
  4092 | D:3      | Found a glowing golden altar of the Shining One.
  4263 | D:4      | Found Suonepp's Jewellery Shop.
  4901 | D:4      | Bought a cursed ring of teleportation for 63 gold pieces
  5008 | D:4      | Noticed Nukog's ghost (novice OgWn)
  5028 | D:4      | Reached XP level 6. HP: 26/52 MP: 6/6
  5042 | D:5      | Entered Level 5 of the Dungeon
  6084 | D:6      | HP: 2/52 [poisoned by a killer bee]
  6084 | D:6      | Slain by a killer bee

Skill      XL: |  1  2  3  4  5 |
---------------+----------------+-----
Bows           | 6 7 |  7.3
Fighting       | 3 4 |  4.1
Dodging        | 2 |  2.5
Armour         | |  0.9
Stealth        | |  0.5

Action                   |  1- 3 |  4- 6 || total
-------------------------+-------+-------++-------
Melee: Spear             |   111 |   126 ||   237
       Short sword       |    10 |       ||    10
       Kick              |    17 |    65 ||    82
       Trident           |       |   159 ||   159
Throw: Stone             |    29 |    29 ||    58
       Throwing net      |       |     1 ||     1
  Use: Scroll            |       |     9 ||     9
       Potion            |       |     1 ||     1
 Stab: Held in net/web   |       |     1 ||     1
  Eat: Chunk             |     2 |     7 ||     9
       Beef jerky        |       |     2 ||     2
       Fruit             |       |     1 ||     1
Armor: Leather armour    |    23 |       ||    23
       Scale mail        |     6 |    51 ||    57
       Plate armour      |       |   132 ||   132
Dodge: Dodged            |    52 |    46 ||    98
